 Dungeon Crawl Stone Soup version 0.27-a0-1565-gad902ab807 (webtiles) character file.

Game seed: 12920854743672089740

16 BorisBritva the Cudgeller (level 2, 29/29 HPs)
             Began as a Troll Berserker on July 14, 2021.
             Was a Follower of Trog.
             Quit the game on level 1 of the Dungeon on July 16, 2021.
             The game lasted 00:02:39 (326 turns).

BorisBritva the Cudgeller (Troll Berserker)          Turns: 326, Time: 00:02:40

Health: 29/29      AC:  4    Str: 24    XL:     2   Next: 41%
Magic:  1/1        EV: 10    Int:  3    God:    Trog [*.....]
Gold:   26         SH:  0    Dex:  9    Spells: 1/1 levels left

rFire    . . .     SeeInvis .   a - +0 mace
rCold    . . .     Faith    .   (no shield)
rNeg     . . .     Spirit   .   b - +0 animal skin
rPois    .         Reflect  .   (helmet restricted)
rElec    .         Harm     .   (no cloak)
rCorr    .         Rampage  .   (gloves unavailable)
Will     .....                  (boots unavailable)
Stlth    +.........             (no amulet)
HPRegen  1.09/turn              (no ring)
MPRegen  0.07/turn              (no ring)

@: no status effects
A: large, unfitting armour, claws 3, regeneration 1, shaggy fur 1, tough skin 1
a: Renounce Religion, Berserk


You were on level 1 of the Dungeon.
You worshipped Trog.
Trog was aware of your devotion.
You visited 1 branch of the dungeon, and saw 1 of its levels.

You collected 26 gold pieces.

Inventory:

Hand Weapons
 a - a +0 mace (weapon)
Armour
 b - a +0 animal skin (worn)
Scrolls
 c - a scroll of acquirement {unknown}
 e - a scroll of identify {unknown}
Potions
 d - a potion of curing {unknown}
 f - a potion of resistance {unknown}


   Skills:
 + Level 2.6 Fighting
 + Level 3.0 Maces & Flails
 + Level 2.6 Dodging


You had one spell level left.
You didn't know any spells.
Your spell library was empty.

Dungeon Overview and Level Annotations

Branches:
Dungeon (1/15)

Altars:

Shops:
D:1 !


Innate Abilities, Weirdness & Mutations

You are too large for most types of armour.
You have claws for hands.
Your natural rate of healing is unusually fast.
You are covered in fur. (AC +1)
You have tough skin. (AC +1)


Message History

The kobold hits you with a +0 short sword.
You closely miss the kobold. The kobold hits you but does no damage.
The kobold closely misses you.
You hit the kobold.
The kobold is severely wounded.
The kobold barely misses you.
You closely miss the kobold.
The kobold is severely wounded.
The kobold hits you but does no damage.
You barely miss the kobold.
The kobold is severely wounded.
The kobold barely misses you.
You hit the kobold.
You kill the kobold!
Trog accepts your kill.
No target in view!
Things that are here:
a +0 short sword; a +0 dagger; a kobold corpse Unknown command.
Unknown command.
Unknown command.
Unknown command.
Press: ? - help, v - describe, . - travel, g - get item
Items here: a +0 short sword; a +0 dagger; a kobold corpse.
The floor.
Unknown command.
No target in view!
No target in view!
Unknown command.
Saving game... please wait.
Welcome back, BorisBritva the Troll Berserker.
Trog says: Kill them all!
Press ? for a list of commands and other information.
Saving game... please wait.
Welcome back, BorisBritva the Troll Berserker.
Trog says: Kill them all!
Press ? for a list of commands and other information.
Autopickup is now off.
Autopickup is now on.
Are you sure you want to abandon this character and quit the game? (Confirm with "yes".)

#. ##### ##>
##### ....#
##.###...# .##.#
#..#∩'.#.# .#
### #..#####.###
.# ...
#.##.......# .#
#...( #####.#.#
.#.#
#...########.#.#
..#
##..@.......#.#
##..#
#...########.#.#
....... #.#
#.#.# ####..# ..
#.#.# ..# #
..#.# . .#
#.#.### ## #
#.#..># #
#.###.# #.# ###


There were no monsters in sight!

Vanquished Creatures
  2 ball pythons (D:1)
  A giant cockroach (D:1)
  5 jackals (D:1)
  A quokka (D:1)
  2 bats (D:1)
  3 kobolds (D:1)
14 creatures vanquished.

Notes
Turn   | Place    | Note
-------+----------+-------------------------------------------
     0 | D:1      | BorisBritva the Troll Berserker began the quest for the
                  | Orb.
     0 | D:1      | Reached XP level 1. HP: 22/22 MP: 0/0
   160 | D:1      | Reached XP level 2. HP: 29/29 MP: 1/1
   174 | D:1      | Reached skill level 3 in Maces & Flails
   293 | D:1      | Found Ywkaj's Distillery.
   326 | D:1      | Upgraded the game from 0.27-a0-1555-g0e7b3fb1d2 to
                  | 0.27-a0-1565-gad902ab807
   326 | D:1      | Quit the game

Illustrated notes

Levels and vault maps discovered:
D:1:      dpeg_arrival_tiny_d, layout_loops_ring, serial_shops,
          nicolae_shop_window_shopping

Skill      XL: |  1  2 |
---------------+-------+-----
Maces & Flails | 3 |  3.0
Fighting       | |  2.6
Dodging        | |  2.6

Action                   || total
-------------------------++-------
Melee: Mace              ||    56
Armor: Animal skin       ||    30
Dodge: Dodged            ||    45

Table legend: (Time is in decaauts)
 A = Elapsed time spent in this place.
 B = Non-inter-level travel time spent in this place.
 C = Inter-level travel time spent in this place.
 D = Time resting spent in this place.
 E = Time spent auto-exploring this place.
 F = Levels seen in this place.
 G = Mean time per level.
                   A        B        C        D        E       F      G
               +--------+--------+--------+--------+--------+-----+--------+
         Total |    340 |    340 |      0 |      0 |    241 |   1 |  340.0 |
       Dungeon |    340 |    340 |      0 |      0 |    241 |   1 |  340.0 |
               +--------+--------+--------+--------+--------+-----+--------+

Top non-repeatable levels by time:
     D:1: 340 daAuts
